 Dungeon Crawl Stone Soup version 0.23-a0-703-gdf2d5e0dd9 (webtiles) character file.

268 Hercules1031 the Insei (level 6, -4/50 HPs)
             Began as a Gnoll Wanderer on Jan 12, 2019.
             Slain by a phantom (8 damage)
             ... on level 4 of the Dungeon on Jan 13, 2019.
             The game lasted 00:15:49 (3436 turns).

Hercules1031 the Insei (Gnoll Wanderer)             Turns: 3436, Time: 00:15:49

Health: -4/50      AC:  2    Str: 14    XL:     6   Next: 21%
Magic:  0/11       EV: 12    Int: 17    God:
Gold:   174        SH:  0    Dex: 14    Spells: 5/11 levels left

rFire    . . .     SeeInvis .   s - staff of energy
rCold    . . .     Gourm    .   (no shield)
rNeg     . . .     Faith    .   d - +0 robe
rPois    .         Spirit   .   (no helmet)
rElec    .         Reflect  .   (no cloak)
rCorr    .         Harm     .   (no gloves)
MR       .....                  (no boots)
Stlth    ++........             (no amulet)
HPRegen  0.16/turn              (no ring)
MPRegen  0.12/turn              (no ring)

@: very slightly contaminated
A: distributed training, fangs 1, strong nose
a: no special abilities


You were on level 4 of the Dungeon.
You were full.

You visited 1 branch of the dungeon, and saw 4 of its levels.

You collected 174 gold pieces.

Inventory:

Hand Weapons
 e - a +0 dagger
Armour
 d - a +0 robe (worn)
Magical Staves
 s - an uncursed staff of energy (weapon)
Scrolls
 a - a scroll of enchant weapon {unknown}
 c - 11 scrolls of identify
 g - 2 scrolls of enchant armour {unknown}
 i - a scroll of magic mapping {unknown}
 m - a scroll of remove curse {unknown}
 n - 2 scrolls of fear {unknown}
 r - a scroll of fog {unknown}
Potions
 b - a potion of lignification
 j - a potion of might {unknown}
 k - a potion of agility {unknown}
 l - a potion of magic {unknown}
 o - a potion of cancellation {unknown}
 p - 2 potions of heal wounds {unknown}
 q - a potion of mutation {unknown}
 t - a potion of invisibility {unknown}
Comestibles
 f - 4 rations


   Skills:
 + Level 4.9 Fighting
 + Level 1.8 Short Blades
 + Level 1.8 Long Blades
 + Level 1.8 Axes
 + Level 1.8 Maces & Flails
 + Level 1.8 Polearms
 + Level 1.8 Staves
 + Level 1.8 Slings
 + Level 1.8 Bows
 + Level 1.8 Crossbows
 + Level 4.9 Throwing
 + Level 1.8 Armour
 + Level 1.8 Dodging
 + Level 3.0 Stealth
 + Level 1.8 Shields
 + Level 4.9 Unarmed Combat
 + Level 3.3 Spellcasting
 + Level 1.4 Conjurations
 + Level 1.4 Hexes
 + Level 1.4 Charms
 + Level 1.4 Summonings
 + Level 1.4 Necromancy
 + Level 1.4 Translocations
 + Level 1.4 Transmutations
 + Level 1.4 Fire Magic
 + Level 1.4 Ice Magic
 + Level 4.0 Air Magic
 + Level 1.4 Earth Magic
 + Level 1.4 Poison Magic
 + Level 2.0 Invocations
 + Level 1.8 Evocations


You had 5 spell levels left.
You knew the following spells:

 Your Spells              Type           Power        Failure   Level  Hunger
a - Shock                 Conj/Air       ##..         5%          1    None
b - Static Discharge      Conj/Air       ##......     16%         3    None
c - Poisonous Vapours     Pois/Air       ##....       9%          2    None

Your spell library contained the following spells:

 Spells                   Type           Power        Failure   Level  Hunger
 Swiftness                Chrm/Air       ##......     9%          2    None
 Airstrike                Air            ###.......   30%         4    None
 Lightning Bolt           Conj/Air       ##........   83%         5    None


Dungeon Overview and Level Annotations

Branches:
Dungeon (4/15)
 Temple: D:4-7

Altars:
Hepliaklqana


Innate Abilities, Weirdness & Mutations

Your experience applies equally to all skills.
You have very sharp teeth.
Your uncanny sense of smell can sniff out nearby items.


Message History

The phantom is severely damaged.
The phantom barely misses you.
You closely miss the phantom. You bite the phantom.
The phantom is severely damaged.
The phantom barely misses you.
You barely miss the phantom. You bite the phantom, but do no damage.
The phantom is severely damaged.
The phantom hits you!
* * * LOW HITPOINT WARNING * * *
Casting: Shock (safe; 5% risk of failure)
Confirm with . or Enter, or press ? or * to list all spells.
Aiming: Shock (safe; 5% risk of failure)
Press: ? - help, Shift-Dir - straight line, f/p - phantom
Aim: a phantom (severely damaged)
The zap misses the phantom.
The phantom hits you!
* * * LOW HITPOINT WARNING * * *
You hit the phantom but do no damage.
The phantom is severely damaged.
The phantom hits you!
You die...

##...#.....<..#
##....#........#
#..#).....#....##
..##...#.###....# ####
..#..###..#.....# #..(###
.....# ##......###......#
....## ##....#.#........
...#######...............
#.....#.#.......@....>...
...............W.........
.........................
........[........).......
.............##.†........
...................[.....
.................>...#...
.#...###.#.#........##...
..#.## ..#.........## .$


You could see a phantom.

Vanquished Creatures
  A bullfrog skeleton (D:2)
  Natasha (thrice) (D:2)
  A worker ant (D:4)
  5 adders
  An ooze (D:3)
  2 worms
  3 dart slugs
  4 leopard geckos
  2 orcs
  2 ball pythons (D:1)
  7 bats
  5 giant cockroaches
  7 goblins
  5 hobgoblins
  4 jackals (D:4)
  A quokka (D:3)
  4 frilled lizards
  12 kobolds
  11 rats
80 creatures vanquished.

Notes
Turn   | Place    | Note
-------+----------+-------------------------------------------
     0 | D:1      | Hercules1031 the Gnoll Wanderer began the quest for the
                  | Orb.
     0 | D:1      | Hercules1031 set off with the following items: a potion of
                  | lignification, a +0 robe, a +0 dagger, a ration; and the
                  | following spell memorised: Shock; and the following spells
                  | available to memorise: Poisonous Vapours, Swiftness, Static
                  | Discharge, Airstrike, Lightning Bolt
     0 | D:1      | Reached XP level 1. HP: 20/20 MP: 4/4
   337 | D:1      | Reached XP level 2. HP: 26/26 MP: 1/5
   475 | D:1      | Reached XP level 3. HP: 20/31 MP: 0/7
   962 | D:2      | Reached skill level 1 in Invocations
  1119 | D:2      | Reached skill level 1 in Short Blades
  1119 | D:2      | Reached skill level 1 in Long Blades
  1119 | D:2      | Reached skill level 1 in Axes
  1119 | D:2      | Reached skill level 1 in Maces & Flails
  1119 | D:2      | Reached skill level 1 in Polearms
  1119 | D:2      | Reached skill level 1 in Staves
  1119 | D:2      | Reached skill level 1 in Slings
  1119 | D:2      | Reached skill level 1 in Bows
  1119 | D:2      | Reached skill level 1 in Crossbows
  1119 | D:2      | Reached skill level 1 in Armour
  1119 | D:2      | Reached skill level 1 in Dodging
  1119 | D:2      | Reached skill level 1 in Shields
  1119 | D:2      | Reached skill level 1 in Evocations
  1175 | D:2      | Noticed Natasha
  1183 | D:2      | Killed Natasha
  1183 | D:2      | Reached XP level 4. HP: 21/38 MP: 1/8
  1455 | D:2      | Reached skill level 1 in Conjurations
  1455 | D:2      | Reached skill level 1 in Hexes
  1455 | D:2      | Reached skill level 1 in Charms
  1455 | D:2      | Reached skill level 1 in Summonings
  1455 | D:2      | Reached skill level 1 in Necromancy
  1455 | D:2      | Reached skill level 1 in Translocations
  1455 | D:2      | Reached skill level 1 in Transmutations
  1455 | D:2      | Reached skill level 1 in Fire Magic
  1455 | D:2      | Reached skill level 1 in Ice Magic
  1455 | D:2      | Reached skill level 1 in Earth Magic
  1455 | D:2      | Reached skill level 1 in Poison Magic
  1460 | D:2      | Learned a level 3 spell: Static Discharge
  1463 | D:2      | Learned a level 2 spell: Poisonous Vapours
  1592 | D:2      | Reached XP level 5. HP: 41/43 MP: 3/9
  1699 | D:2      | Noticed Natasha
  1707 | D:2      | Killed Natasha
  1894 | D:2      | Noticed Natasha
  1902 | D:2      | Killed Natasha
  2556 | D:3      | Reached XP level 6. HP: 19/50 MP: 1/10
  2935 | D:3      | Found a hazy altar of Hepliaklqana.
  3382 | D:4      | Noticed a phantom
  3436 | D:4      | Slain by a phantom

Vault maps used:
D:1:      wander_arrival_peaceful_grave, kennysheep_small_spiral, st_stairs_8
D:2:      roderic_serpentine_path, minmay_misc_feat_ornament,
          serial_bayou_pond_c, moated_statue, uniq_natasha
D:3:      old_standard_altar, st_stairs_13
D:4:      first_ration

Skill      XL: |  1  2  3  4  5  6 |
---------------+-------------------+-----
Invocations    | 1 2 |  2.0
Short Blades   | 1 |  1.8
Long Blades    | 1 |  1.8
Axes           | 1 |  1.8
Maces & Flails | 1 |  1.8
Polearms       | 1 |  1.8
Staves         | 1 |  1.8
Slings         | 1 |  1.8
Bows           | 1 |  1.8
Crossbows      | 1 |  1.8
Armour         | 1 |  1.8
Dodging        | 1 |  1.8
Shields        | 1 |  1.8
Evocations     | 1 |  1.8
Spellcasting   | 3 |  3.3
Conjurations   | 1 |  1.4
Hexes          | 1 |  1.4
Charms         | 1 |  1.4
Summonings     | 1 |  1.4
Necromancy     | 1 |  1.4
Translocations | 1 |  1.4
Transmutations | 1 |  1.4
Fire Magic     | 1 |  1.4
Ice Magic      | 1 |  1.4
Earth Magic    | 1 |  1.4
Poison Magic   | 1 |  1.4
Air Magic      | 4 |  4.0
Stealth        | 3 |  3.0
Fighting       | |  4.9
Throwing       | |  4.9
Unarmed Combat | |  4.9

Action                   |  1- 3 |  4- 6 || total
-------------------------+-------+-------++-------
Melee: Unarmed           |    72 |    45 ||   117
       Bite              |     8 |     9 ||    17
       Punch             |     2 |     1 ||     3
       Staff             |       |    25 ||    25
 Cast: Shock             |    56 |   112 ||   168
       Poisonous Vapours |       |     2 ||     2
Evoke: Staff of energy   |       |     3 ||     3
  Use: Potion            |       |     3 ||     3
       Scroll            |       |     1 ||     1
  Eat: Ration            |     1 |     3 ||     4
Armor: Robe              |    19 |    16 ||    35
Dodge: Dodged            |    57 |    72 ||   129

Table legend:
 A = Non-vault XP
 B = Vault XP
 C = Vault XP percentage of total XP
 D = Non-vault monster count
 E = Vault monster count
 F = Vault count percentage of total count
                 A         B        C        D         E       F
            +---------+---------+-------+---------+---------+-------
      Total |     344 |      40 |  10.4 |      76 |       4 |   5.0
            +---------+---------+-------+---------+---------+-------
        D:1 |      50 |       3 |   5.7 |      30 |       2 |   6.2
        D:2 |     164 |      36 |  18.0 |      22 |       1 |   4.3
        D:3 |      82 |       1 |   1.2 |      16 |       1 |   5.9
        D:4 |      48 |       0 |   0.0 |       8 |       0 |   0.0
            +---------+---------+-------+---------+---------+-------
